 Dungeon Crawl Stone Soup version 0.30.1-11-g7821555f0a (webtiles) character file.

Game seed: 1059708537139668684

48249 KyoPewz the Imperceptible (level 14, -11/70 HPs)
             Began as a Felid Enchanter on Jan 2, 2024.
             Was the Champion of Dithmenos.
             Killed from afar by a deep elf knight (26 damage)
             ... with a shard of ice
             ... summoned by a worldbinder
             ... in a Gauntlet on Jan 3, 2024.
             The game lasted 01:51:19 (35121 turns).

KyoPewz the Imperceptible (Felid Enchanter)        Turns: 35121, Time: 01:51:20

Health: -11/70     AC:  3    Str:  4    XL:     14   Next: 11%
Magic:  0/37       EV: 25    Int: 17    God:    Dithmenos [******]
Gold:   1483       SH:  0    Dex: 21    Spells: 6/17 levels left
                                        Lives:  0   Deaths: 3

rFire   . .          .
                       - Unarmed
rCold   + . .        (shield unavailable)
rNeg    . . .        (body armour unavailable)
rPois   .            (helmet unavailable)
rElec   .            (cloak unavailable)
rCorr   .            (gloves unavailable)
SInv    +            (boots unavailable)
Will    ++...        s - amulet of guardian spirit Stlth ******++++
                     k - ring of magical power
HPRegen 0.31/turn    z - ring of magical power
MPRegen 0.25/turn

%: no teleportation, guardian spirit
@: wreathed by umbra, quick
A: very small, claws 1, fangs 3, see invisible, speed 1, shaggy fur 3, stealthy
paws, no weapons or thrown items, no armour, multi-lived
a: Renounce Religion, Shadow Step, Shadow Form


You were in a Gauntlet.
You worshipped Dithmenos.
Dithmenos was exalted by your worship.
You visited 4 branches of the dungeon, and saw 22 of its levels.
You also visited: Ossuary, Gauntlet and Ice Cave.

You collected 1890 gold pieces.
You spent 407 gold pieces at shops.

Inventory:

Jewellery
 i - an amulet of reflection
 k - a ring of magical power (left paw)
 m - the ring "Hisakkei" {rElec rC- MP+9 Dex+5 Slay-4}
   (You found it on level 3 of the Dungeon)

   [ring of magical power]

   Dex:       It affects your dexterity (+5).
   Slay:      It affects your accuracy & damage with ranged weapons and melee
   (-4).
   rC:        It makes you vulnerable to cold.
   rElec:     It insulates you from electricity.
   MP:        It affects your magic capacity (+9).
 s - an amulet of guardian spirit (around neck)
 z - a ring of magical power (right paw)
 C - a ring of resist corrosion
 F - a ring of protection from fire
 M - an amulet of regeneration
 N - a ring of positive energy
 P - a +6 ring of intelligence
 Q - a ring of fire
 R - an amulet of faith
 T - a ring of willpower
 V - the ring "Gyleher" {rElec rC- rN+ SInv}
   (You found it in an ice cave)

   [ring of positive energy]

   rC:        It makes you vulnerable to cold.
   rElec:     It insulates you from electricity.
   rN:        It protects you from negative energy.
   SInv:      It lets you see invisible.
 W - a ring of ice
 X - a +4 ring of protection
 Y - an amulet of the acrobat
Wands
 c - a wand of iceblast (24)
 w - a wand of acid (12)
 D - a wand of digging (4)
 E - a wand of paralysis (16) (quivered)
 J - a wand of mindburst (12)
 K - a wand of polymorph (12)
 Z - a wand of flame (11)
Scrolls
 e - a scroll of poison
 g - 5 scrolls of fear
 j - 4 scrolls of immolation
 o - 4 scrolls of amnesia
 r - 2 scrolls of identify
 t - 8 scrolls of teleportation
 v - 6 scrolls of fog
 B - 5 scrolls of blinking
 G - a scroll of magic mapping
 H - 3 scrolls of vulnerability
 S - a scroll of silence
Potions
 a - 2 potions of invisibility
 b - 2 potions of lignification
 d - 2 potions of might
 h - 6 potions of haste
 l - 5 potions of heal wounds
 n - 5 potions of resistance
 p - 5 potions of brilliance
 q - 9 potions of curing
 u - 2 potions of berserk rage
 x - 9 potions of mutation
 y - 9 potions of ambrosia
 A - 2 potions of attraction
 I - 3 potions of flight
 L - 2 potions of magic {unknown}
 O - a potion of cancellation
Miscellaneous
 f - a piece from Xom's chessboard (15/15)
 U - a box of beasts


   Skills:
 - Level 13.0 Fighting
 - Level 10.0 Dodging
 - Level 21.7 Stealth
 - Level 15.0 Unarmed Combat
 - Level 2.0 Spellcasting
 - Level 4.0 Conjurations
 - Level 10.0 Hexes
 - Level 3.0 Ice Magic
 + Level 6.5 Invocations
 - Level 6.0 Evocations


You had 6 spell levels left.
You knew the following spells:

 Your Spells              Type           Power      Damage    Failure   Level
a - Ensorcelled Hibernat  Hex/Ice        46%        N/A       1%          2
b - Confusing Touch       Hex            35%        N/A       1%          3
c - Tukima's Dance        Hex            35%        N/A       1%          3
d - Dazzling Flash        Conj/Hex       50%        N/A       3%          3

Your spell library contained the following spells:

 Spells                   Type           Power      Damage    Failure   Level
 Slow                     Hex            100%       N/A       1%          1
 Freeze                   Ice            44%        1d6       5%          1
 Hailstorm                Conj/Ice       13%        3d5       14%         3
 Frozen Ramparts          Ice            22%        1d4       17%         3
 Sandblast                Erth           2%         2d4       19%         1
 Anguish                  Hex/Necr       9%         N/A       24%         4
 Leda's Liquefaction      Hex/Erth       9%         N/A       24%         4
 Stone Arrow              Conj/Erth      16%        3d8       26%         3
 Cigotuvi's Dreadful Rot  Necr/Pois/Air  2%         N/A       28%         2
 Passwall                 Tmut/Erth      0%         N/A       28%         2
 Spider Form              Tmut/Pois      1%         N/A       50%         3
 Vampiric Draining        Necr           1%         2d6       50%         3
 Dispel Undead            Necr           1%         3d6       88%         4
 Lee's Rapid Deconstruct  Erth           0%         3d4*      99%         5
 Death Channel            Necr           0%         N/A       100%        6
 Statue Form              Tmut/Erth      0%         N/A       100%        6


Dungeon Overview and Level Annotations

Branches:
Dungeon (14/15)            Temple (1/1) D:5            Lair (5/5) D:11
  Swamp (0/4) Lair:3       Spider (0/4) Lair:2        Slime (0/5) Lair:5
    Orc (2/2) D:10            Elf (0/3) Orc:2        Vaults (0/5) D:13
Ossuary (visited)           IceCv (visited)         Gauntlet (1/1)

Altars:
Ashenzari
Cheibriados
Dithmenos
Elyvilon
Fedhas
Gozag
Hepliaklqana
Kikubaaqudgha
Makhleb
Nemelex Xobeh
Okawaru
Qazlal
Ru
Sif Muna
Trog
Uskayaw
Vehumet
Wu Jian
Xom
Yredelemnul
Zin
The Shining One
Jiyva

Shops:
D:10 *?   Orc:2 ?:*(

Annotations:
D:2 1 runed translucent door, Crazy Yiuf, Sigmund
D:6 2 transporters, Maggie
D:9 2 transporters, dvd2's ghost, novice DENe Gauntlet 11 transporters, 2 runed translucent doors, exclusion: ice statue


Innate Abilities, Weirdness & Mutations

You have sharp claws.
You have razor-sharp teeth.
You have supernaturally acute eyesight. (SInv)
You cover ground quickly. (Speed+)
Your thick and shaggy fur keeps you warm. (AC +3, rC+)
Your paws help you pounce on unaware monsters.
You are incapable of wielding weapons or throwing items.
You cannot wear armour.
You gain extra lives every three experience levels.


Message History

The worldbinder is heavily damaged.
The deep elf pyromancer gestures wildly while chanting.
The deep elf pyromancer blinks!
The deep elf knight points at you and mumbles some strange words.
The shard of ice misses you.
The shard of ice hits the deep elf knight!!
The worldbinder misses you. The worldbinder barely misses you.
You scratch the worldbinder.
You bite the worldbinder, but do no damage.
The worldbinder is heavily damaged.
The fire elemental completely misses you.
The deep elf knight misses you. The worldbinder misses you. x2
The deep elf pyromancer misses you.
The deep elf knight casts a spell at you.
The shard of ice hits you!! You partially resist.
You emit a cloud of dark smoke.
You take 16 damage, and have 32/70 hp.
MASSIVE DAMAGE!!
You now have 17/37 mp.
You scratch the worldbinder but do no damage.
The worldbinder is heavily damaged.
The fire elemental misses you. The worldbinder completely misses you.
The worldbinder barely misses you.
The deep elf knight gestures at you while chanting.
The shard of ice hits you! You partially resist.
You emit a cloud of dark smoke.
You take 10 damage, and have 22/70 hp.
You now have 12/37 mp.
You scratch the worldbinder.
The worldbinder is heavily damaged.
Your shadow hits the worldbinder but does no damage.
The fire elemental misses you. The deep elf knight closely misses you.
The deep elf pyromancer misses you.
The worldbinder completely misses you. x2
You scratch the worldbinder but do no damage.
The worldbinder is heavily damaged.
Your shadow hits the worldbinder but does no damage.
The deep elf knight completely misses you.
The fire elemental hits you. The fire elemental burns you!
* * * LOW HITPOINT WARNING * * *
The deep elf pyromancer misses you.
The deep elf knight points at you and mumbles some strange words.
The shard of ice hits you!! You partially resist.
You die...

.#[.#..#.#.♣PP.♣..≈≈#
.#.##©##(#.........≈#
#################...####
.....©.........©#....≈≈#
####################..≈#
...........#x....###...####
..P#≈#≈#...#.###§###.♣..≈≈#
..P≈≈≈≈≈.P.#.##Ex#§#.P...≈#
.♣.#≈#≈#P♣.#..°e@e§#.♣P...##
...≈≈≈≈≈...#.#.e##§#..P.P.≈##
..P#≈#≈#P..###§###g#.♣P.P.≈≈#
....P..P...###.©x..#......≈##
##...♣P..#############.♣P.##
©#.......#©....©....©#....≈##
#####.###################.≈≈#
....#.##..#.#.#.#.X.....#.≈##
##..#.#.##.#. #.#.#####.#.##


You could see 2 deep elf knights, a deep elf pyromancer (summoned), a
worldbinder and a fire elemental (summoned).

Vanquished Creatures
  Azrael (Orc:2)
  An ettin (Orc:2)
  Josephine (Orc:1)
  4 hydras
  Erolcha (Orc:2)
  An ogre mage (D:12)
  2 boulder beetles
  3 centaur warriors
  2 death knights
  A tengu warrior (D:14)
  5 two-headed ogres
  6 death yaks (Lair:2)
  An orc high priest (Orc:2)
  2 thrashing horrors (Lair:5)
  The ghost of zen1337 the Destroyer, a novice DsCj of Vehumet (D:8)
  Amaemon (Lair:3)
  A skyshark (Lair:5)
  4 skeletal warriors
  A lindwurm (D:13)
  A harpy (D:12)
  A phantasmal warrior (D:13)
  9 orc knights
  A wizard (D:13)
  A necromancer (IceCv)
  A deep elf pyromancer (D:13)
  An oklob plant (D:11)
  3 cyclopes
  A moth of wrath (Gauntlet)
  5 orc sorcerers (Orc:2)
  4 ugly things
  23 elephants
  6 black mambas
  A water nymph (shapeshifter) (D:13)
  A torpor snail (Lair:5)
  An ice statue (IceCv)
  12 cane toads
  An orange demon (Lair:3)
  A gargoyle (D:12)
  2 smoke demons (Lair:5)
  3 rime drakes
  An unseen horror (D:10)
  14 komodo dragons
  10 ice devils (IceCv)
  2 anaconda simulacra (IceCv)
  A yaktaur (shapeshifter) (Lair:5)
  2 ancient zymes (Lair:5)
  5 freezing wraiths (IceCv)
  A queen bee (Lair:2)
  2 polar bears
  9 trolls
  2 burning bushes (Lair:5)
  A wolf spider simulacrum (D:14)
  4 saltlings (Orc:2)
  5 dream sheep (Lair:5)
  22 blink frogs
  A blink frog (shapeshifter) (Lair:5)
  10 slime creatures
  5 jumping spiders (Lair:2)
  2 ynoxinuls (Lair:5)
  A shadow (D:12)
  2 culicivoras (Lair:2)
  53 yaks
  7 wraiths
  A wyvern (Lair:5)
  Eustachio (D:6)
  A death yak simulacrum (IceCv)
  2 steam dragons
  3 fire elementals (Orc:1)
  11 vampire mosquitoes
  6 basilisks
  4 harpy simulacra (IceCv)
  10 wargs
  Edmund (D:6)
  A hydra simulacrum (IceCv)
  2 hell hounds
  An acid dragon (D:13)
  12 water moccasins
  17 orc warriors
  10 ogres
  3 sky beasts (D:7)
  A black bear (D:6)
  15 wolves
  A boggart (Gauntlet)
  3 centaurs
  2 phantoms
  A kobold brigand (D:5)
  Blork the orc (D:6)
  8 bullfrogs
  A gnoll sergeant (D:12)
  A scorpion (D:6)
  3 elf skeletons (D:8)
  A cane toad simulacrum (IceCv)
  A water moccasin zombie (Ossuary)
  4 wights
  5 elephant simulacra (IceCv)
  20 killer bees
  8 howler monkeys
  4 electric eels
  A bullfrog zombie (D:4)
  3 hounds
  A jelly (D:5)
  A gnoll bouda (D:9)
  17 orc priests
  Jessica (D:3)
  12 small abominations (Lair:5)
  3 sleepcaps
  An iguana (D:7)
  18 orc wizards
  6 polar bear simulacra
  2 spriggan simulacra
  4 troll simulacra
  10 wolf simulacra
  2 hound zombies (D:4)
  2 hound skeletons (D:4)
  2 mummies (Ossuary)
  9 gnolls
  4 adders
  2 naga simulacra
  2 white imps (IceCv)
  4 adder zombies
  An adder skeleton (D:4)
  3 dart slugs
  59 orcs
  4 bats
  5 endoplasms
  A giant cockroach (D:1)
  7 gnoll zombies (Ossuary)
  10 goblins
  8 hobgoblins
  6 jackals
  2 quokkas
  6 ball pythons
  3 frilled lizards
  4 hobgoblin zombies (Ossuary)
  11 kobolds
  10 kobold zombies (Ossuary)
  2 orc skeletons (D:8)
  An orc zombie (D:8)
  A quokka zombie (D:4)
  5 rats
702 creatures vanquished.

Vanquished Creatures (collateral kills)
  A death yak simulacrum (IceCv)
  6 wights
7 creatures vanquished.

Vanquished Creatures (others)
  3 dancing weapons
  An orc wizard (D:9)
4 creatures vanquished.

Grand Total: 713 creatures vanquished

Notes
Turn   | Place    | Note
-------+----------+-------------------------------------------
     0 | D:1      | KyoPewz the Felid Enchanter began the quest for the Orb.
     0 | D:1      | Reached XP level 1. HP: 7/7 MP: 4/4
   165 | D:1      | Reached skill level 5 in Stealth
   165 | D:1      | Reached XP level 2. HP: 11/11 MP: 6/6
   290 | D:1      | Learned a level 2 spell: Ensorcelled Hibernation
   630 | D:2      | Found a runed translucent door.
   631 | D:2      | Noticed Crazy Yiuf
   669 | D:2      | Reached skill level 6 in Stealth
   669 | D:2      | Reached XP level 3. HP: 6/14 MP: 7/7
  1008 | D:2      | Noticed Sigmund
  1266 | D:2      | Learned a level 3 spell: Confusing Touch
  1418 | D:2      | Identified the +0 ring mail of Honour {rF++ Will+}
  1478 | D:2      | You fall into a shaft and drop 1 floor!
  1588 | D:3      | Found a faded altar of an unknown god.
  1634 | D:3      | Reached XP level 4. HP: 18/18 MP: 8/8
  1688 | D:3      | Reached skill level 7 in Stealth
  1851 | D:3      | Identified the ring "Hisakkei" {rElec rC- MP+9 Dex+5
                  | Slay-4}
  2233 | D:3      | Reached skill level 8 in Stealth
  2233 | D:3      | Reached XP level 5. HP: 21/21 MP: 9/9
  2267 | D:3      | Noticed Jessica
  2274 | D:3      | Killed Jessica
  2622 | D:4      | Reached skill level 9 in Stealth
  3016 | D:4      | Gained mutation: You are covered in thick fur. (AC +2)
                  | [Felid growth]
  3016 | D:4      | Reached XP level 6. HP: 22/24 MP: 10/10
  3041 | D:4      | Reached skill level 10 in Stealth
  3325 | D:3      | Learned a level 3 spell: Tukima's Dance
  3519 | D:4      | Reached skill level 11 in Stealth
  3551 | D:4      | Reached XP level 7. HP: 27/27 MP: 11/11
  3712 | D:5      | Entered Level 5 of the Dungeon
  3717 | D:5      | Reached skill level 12 in Stealth
  3732 | D:5      | Noticed a yak
  3734 | D:5      | Noticed a yak
  3739 | D:5      | Found a blossoming altar of Fedhas.
  3743 | D:5      | Killed a yak
  3744 | D:5      | Noticed a yak
  3744 | D:5      | Noticed a yak
  3744 | D:5      | Noticed a yak
  3744 | D:5      | Noticed a yak
  3802 | D:5      | Found a staircase to the Ecumenical Temple.
  3811 | Temple   | Entered the Ecumenical Temple
  3997 | Temple   | Became a worshipper of Dithmenos the Shadowed
  4059 | D:5      | Reached skill level 13 in Stealth
  4064 | D:5      | Killed a yak
  4065 | D:5      | Reached XP level 8. HP: 25/31 MP: 12/12
  4229 | D:5      | Reached skill level 14 in Stealth
  4432 | D:5      | Reached skill level 15 in Stealth
  4447 | D:5      | Reached skill level 16 in Stealth
  4835 | D:6      | Noticed Maggie
  4835 | D:6      | Noticed Edmund
  5063 | D:6      | Noticed Blork the orc
  5070 | D:6      | Killed Blork the orc
  5071 | D:6      | Reached XP level 9. HP: 34/34 MP: 13/13
  5270 | D:6      | Reached skill level 17 in Stealth
  5491 | D:6      | Found a transporter.
  5493 | D:6      | Found a transporter.
  5495 | D:6      | Noticed a cyclops
  5497 | D:6      | Noticed an unseen horror
  5499 | D:6      | Found a snail-covered altar of Cheibriados.
  5499 | D:6      | Found a basalt altar of Yredelemnul.
  5701 | D:6      | Killed Edmund
  5821 | D:6      | Noticed Eustachio
  5841 | D:6      | Killed Eustachio
  6275 | D:7      | Reached * piety under Dithmenos
  6276 | D:7      | Reached skill level 18 in Stealth
  6314 | D:7      | HP: 1/34 [bullfrog (3)]
  6319 | D:7      | HP: 1/34 [bullfrog (1)]
  6320 | D:7      | Slain by a bullfrog
  6321 | D:7      | Reached XP level 8. HP: -1/31 MP: 0/30
  6485 | D:7      | Reached skill level 19 in Stealth
  6495 | D:7      | Reached XP level 9. HP: 29/34 MP: 13/13
  7128 | D:8      | Reached skill level 20 in Stealth
  7137 | D:8      | Noticed a two-headed ogre
  7145 | D:8      | Killed a two-headed ogre
  7174 | D:8      | Found a large runed translucent door.
  7174 | D:8      | Found a large runed translucent door.
  7193 | D:8      | Noticed zen1337's ghost (novice DsCj)
  7209 | D:8      | Reached skill level 21 in Stealth
  7240 | D:8      | Reached XP level 10. HP: 17/37 MP: 3/14
  7241 | D:8      | Reached ** piety under Dithmenos
  7698 | D:8      | Found a sand-covered staircase.
  7703 | Ossuary  | Entered an ossuary
  8645 | D:8      | Killed zen1337's ghost
  8646 | D:8      | Reached skill level 1 in Fighting
  8646 | D:8      | Reached skill level 1 in Ice Magic
  8869 | D:9      | Noticed a two-headed ogre
  8900 | D:9      | Killed a two-headed ogre
  9330 | D:9      | Reached *** piety under Dithmenos
  9392 | D:9      | Noticed a two-headed ogre
  9449 | D:9      | Killed a two-headed ogre
  9450 | D:9      | Reached skill level 5 in Dodging
  9610 | D:9      | Noticed dvd2's ghost (novice DENe)
  9610 | D:9      | Noticed a two-headed ogre
  9611 | D:9      | Found a transporter.
  9611 | D:9      | Noticed a two-headed ogre
  9613 | D:9      | Noticed a two-headed ogre
  9614 | D:9      | Noticed a two-headed ogre
  9615 | D:9      | Found a transporter.
  9837 | D:10     | Entered Level 10 of the Dungeon
  9887 | D:10     | Found Vouffoba's Magic Scroll Shop.
  9895 | D:10     | Bought a scroll of magic mapping for 97 gold pieces
  9895 | D:10     | Bought a scroll of identify for 26 gold pieces
  9895 | D:10     | Bought a scroll of identify for 26 gold pieces
  9895 | D:10     | Bought a scroll of fog for 52 gold pieces
  9895 | D:10     | Bought a scroll of identify for 26 gold pieces
  9962 | D:10     | Reached XP level 11. HP: 44/45 MP: 15/15
 10032 | D:10     | Identified the +3 short sword of Balance {freeze, Will+}
 10099 | D:10     | Found Pohet's Overcharged Wands.
 10143 | D:10     | Found a staircase to the Orcish Mines.
 10989 | D:11     | Reached skill level 5 in Unarmed Combat
 11077 | D:11     | Noticed a centaur warrior
 11082 | D:11     | Killed a centaur warrior
 11083 | D:11     | Reached skill level 5 in Fighting
 11676 | D:11     | Reached **** piety under Dithmenos
 11937 | D:11     | Found a staircase to the Lair.
 11938 | D:11     | Noticed an oklob plant
 11940 | D:11     | Killed an oklob plant
 12118 | Lair:1   | Entered Level 1 of the Lair of Beasts
 12327 | Lair:1   | Learned a level 3 spell: Dazzling Flash
 12362 | Lair:1   | Reached skill level 1 in Conjurations
 12451 | Lair:1   | Reached skill level 5 in Hexes
 12531 | Lair:1   | You fall into a shaft and drop 1 floor!
 12832 | Lair:2   | Gained mutation: Your thick and shaggy fur keeps you warm.
                  | (AC +3, rC+) [Felid growth]
 12832 | Lair:2   | Reached XP level 12. HP: 53/53 MP: 16/16
 13414 | Lair:2   | Found a hole to the Spider Nest.
 13744 | Lair:1   | HP: 2/53 [poisoned by a killer bee]
 14956 | Lair:2   | Noticed a death yak
 14956 | Lair:2   | Noticed a death yak
 14957 | Lair:2   | Noticed a death yak
 14958 | Lair:2   | Noticed a death yak
 14958 | Lair:2   | Noticed a death yak
 14958 | Lair:2   | Noticed a death yak
 14985 | Lair:2   | Killed a death yak
 14986 | Lair:2   | Reached skill level 10 in Dodging
 14992 | Lair:2   | Killed a death yak
 14993 | Lair:2   | Reached skill level 1 in Invocations
 15882 | Lair:2   | Killed a death yak
 16286 | Lair:2   | Killed a death yak
 17099 | Lair:2   | Killed a death yak
 17100 | Lair:2   | Reached skill level 10 in Hexes
 17324 | Lair:2   | Killed a death yak
 17426 | Lair:3   | Noticed Amaemon
 17673 | Lair:3   | Found a staircase to the Swamp.
 17706 | Lair:3   | Reached XP level 13. HP: 53/58 MP: 17/17
 18665 | Lair:3   | Killed Amaemon
 19253 | Lair:3   | Reached ***** piety under Dithmenos
 20026 | Lair:4   | Reached skill level 10 in Fighting
 20026 | Lair:4   | Reached skill level 10 in Unarmed Combat
 21539 | Lair:5   | Entered Level 5 of the Lair of Beasts
 21968 | Lair:5   | Reached XP level 14. HP: 67/67 MP: 18/18
 22137 | Lair:5   | Found a viscous altar of Jiyva.
 22137 | Lair:5   | Found a staircase to the Slime Pits.
 24487 | Orc:1    | Entered Level 1 of the Orcish Mines
 24553 | Orc:1    | Noticed Josephine
 24622 | Orc:1    | Killed Josephine
 24813 | Orc:2    | Entered Level 2 of the Orcish Mines
 24869 | Orc:2    | Found a staircase to the Elven Halls.
 25037 | Orc:2    | Noticed Azrael
 25167 | Orc:2    | Noticed Erolcha
 25634 | Orc:2    | Killed Erolcha
 26507 | Orc:2    | Killed Azrael
 27295 | Orc:2    | Found Isurch Zanae's Magic Scroll Shop.
 27582 | Orc:2    | Reached ****** piety under Dithmenos
 27957 | Orc:2    | Found Womentu's Book Boutique.
 27959 | Orc:2    | Found Wedo's General Store.
 27965 | Orc:2    | Bought a scroll of identify for 36 gold pieces
 27987 | Orc:2    | Bought a scroll of identify for 36 gold pieces
 27987 | Orc:2    | Bought 3 scrolls of identify for 108 gold pieces
 28020 | Orc:2    | Found Huosom's Weapon Emporium.
 28361 | Orc:1    | Killed from afar by an orc priest
 28362 | Orc:1    | Reached XP level 13. HP: -6/66 MP: 0/26
 28383 | Orc:1    | Reached XP level 14. HP: 65/70 MP: 18/18
 29173 | D:12     | Found a frozen archway.
 29269 | IceCv    | Entered an ice cave
 29479 | IceCv    | HP: 2/70 [anaconda simulacrum (11)]
 29479 | IceCv    | Mangled by an anaconda simulacrum
 29480 | IceCv    | Reached XP level 13. HP: -10/66 MP: 0/35
 29549 | IceCv    | Found an ancient bone altar of Kikubaaqudgha.
 29715 | IceCv    | Reached skill level 15 in Unarmed Combat
 29980 | IceCv    | Reached skill level 1 in Evocations
 30669 | IceCv    | Identified the ring "Gyleher" {rElec rC- rN+ SInv}
 31752 | D:12     | Reached skill level 5 in Invocations
 33710 | D:13     | Reached skill level 5 in Evocations
 33871 | D:13     | Found a gate to the Vaults.
 34025 | D:13     | Reached XP level 14. HP: 70/70 MP: 19/19
 34646 | D:14     | Found a burning altar of Makhleb.
 34747 | D:14     | Found a gate leading to a gauntlet.
 34823 | Gauntlet | Entered a Gauntlet
 34823 | Gauntlet | Found a transporter.
 34831 | Gauntlet | Found a transporter.
 34833 | Gauntlet | Found a transporter.
 34847 | Gauntlet | Found a transporter.
 34852 | Gauntlet | Found a transporter.
 34857 | Gauntlet | Found a transporter.
 34875 | Gauntlet | Found a transporter.
 34889 | Gauntlet | Found a transporter.
 34897 | Gauntlet | Found a transporter.
 34909 | Gauntlet | Found a transporter.
 34909 | Gauntlet | Found a transporter.
 34925 | Gauntlet | Found a transporter.
 34934 | Gauntlet | Found a runed translucent door.
 34935 | Gauntlet | Found a transporter.
 34936 | Gauntlet | Found a runed translucent door.
 34936 | Gauntlet | Found a transporter.
 34993 | Gauntlet | Found the sphere of Battle
 35121 | Gauntlet | Killed from afar by a deep elf knight

Illustrated notes

Levels and vault maps discovered:
D:1:      minmay_arrival_four_houses, layout_rooms
D:2:      layout_loops_cross, uniq_sigmund, uniq_crazy_yiuf_cottage
D:3:      layout_rooms, ebering_ecumenical_altar_mist, uniq_jessica
D:4:      cheibrodos_old_hovel, layout_cave_pools, serial_undead,
          serial_undead_a, serial_undead_f, serial_undead_a, serial_undead_b,
          chequers_decorated_corner
D:5:      layout_loops_cross, fedhas_altar_3, minmay_temple_entry_large_hall,
          small_statue_intersection
D:6:      layout_basic, gammafunk_temple_overflow_arena,
          ebering_dispersal_statue_hall, uniq_maggie, uniq_blork_the_orc,
          uniq_eustachio, uniq_edmund
D:7:      layout_basic
D:8:      layout_basic, ebering_ghost_disaster_area,
          nicolae_ossuary_entry_catacombs, amcnicky_mini_pool_small
D:9:      layout_basic, gammafunk_ghost_smash
D:10:     layout_roguey, minmay_orc_entry_guard_dogs, serial_shops, shop,
          nicolae_shop_overcharged_wands
D:11:     layout_roguey, dpeg_oklobed_lair
D:12:     layout_roguey, portal_ice_cave_entry_ice_simulacra, dk_vineyard_2,
          minivault_28
D:13:     layout_stronghold, david_vaults_4, lemuel_flamethrower_2
D:14:     layout_loops_corners, gauntlet_entry_generic,
          kennysheep_cluttered_room, david_defended_altar_orc
Temple:   nicolae_temple_bog_church
Lair:1:   layout_roguey, grunt_megastairs_3, serial_bayou_shore_a,
          serial_bayou_shore_b, infiniplex_staircase_pool_2
Lair:2:   layout_roguey, nicolae_spider_entry_tight_spaces, special_room
          [special_room_bee], serial_bayou_shore_b, grunt_megastairs_2
Lair:3:   layout_roguey, minmay_swamp_entry_swarm, uniq_amaemon
Lair:4:   layout_hall_layers, infiniplex_staircase_pool, grunt_megastairs_5,
          lemuel_fruit_fields, serial_bayou_shore_b, serial_bayou_shore_b
Lair:5:   hellmonk_lair_end_abyssal_woods, layout_small_grid, slime_entry_1,
          evilmike_ambush [evilmike_ambush_outer_pillars,
          evilmike_ambush_inner_pond], grunt_megastairs_1
Orc:1:    layout_caves, basic_altar, uniq_josephine
Orc:2:    hellmonk_orc_salted, layout_caves, special_room, uniq_azrael,
          uniq_erolcha
Gauntlet: minmay_gauntlet_77_tree [minmay_gauntlet_arena_77_tiled_triplets,
          minmay_gauntlet_arena_77_cramped, minmay_gauntlet_arena_77_p_blocks,
          minmay_gauntlet_arena_77_museum,
          minmay_gauntlet_arena_77_radiant_squares,
          minmay_gauntlet_arena_77_mess, minmay_gauntlet_arena_77_two_paths,
          gauntlet_exit_hidden_loot]

Skill      XL: |  1  2  3  4  5  6  7  8  9 10 11 12 13 14 |
---------------+-------------------------------------------+-----
Stealth        | 5 6 8 9 11 13 19 21 | 21.7
Dodging        | 5 8 10 | 10.0
Fighting       | 3 6 7 11 13 | 13.0
Unarmed Combat | 3 6 7 15 14 | 15.0
Ice Magic      | 3 |  3.0
Conjurations   | 1 4 |  4.0
Hexes          | 5 10 | 10.0
Invocations    | 3 5 6 |  6.5
Evocations     | 5 6 |  6.0
Spellcasting   | |  2.0

Action                     |  1- 3 |  4- 6 |  7- 9 | 10-12 | 13-15 || total
---------------------------+-------+-------+-------+-------+-------++-------
  Melee: Unarmed           |   130 |   196 |   225 |   617 |  1101 ||  2269
         Bite              |     6 |    26 |    24 |    79 |   141 ||   276
         Punch             |     2 |     4 |     1 |    37 |    93 ||   137
   Cast: Ensorcelled Hiber |    12 |    33 |    58 |   117 |   247 ||   467
         Confusing Touch   |       |     1 |     5 |    41 |    12 ||    59
         Tukima's Dance    |       |       |    16 |    10 |     1 ||    27
         Dazzling Flash    |       |       |       |     7 |    69 ||    76
 Invoke: Shadow Step       |       |       |       |       |     5 ||     5
  Evoke: Wand              |       |       |       |       |     5 ||     5
         Box of beasts     |       |       |       |       |     2 ||     2
    Use: Scroll            |       |       |     5 |     9 |    17 ||    31
         Potion            |       |       |       |     1 |     1 ||     2
   Stab: Sleeping          |    13 |    22 |    49 |   130 |   196 ||   410
         Confused          |       |     1 |     3 |    23 |     8 ||    35
         Distracted        |       |       |       |     3 |    11 ||    14
         Invisible         |       |       |       |     9 |    29 ||    38
 Armour: Skin              |     8 |     7 |    11 |    24 |    43 ||    93
  Dodge: Dodged            |   120 |   170 |   190 |   684 |  1211 ||  2375
  Block: Other             |     1 |    46 |     7 |       |       ||    54
